 Dungeon Crawl Stone Soup version 0.31.0-9-g3a7656b989 (webtiles) character file.

Game seed: 4744587255741904727

21 qw the Shooter (level 2, 0/16 HPs)
             Began as a Deep Elf Hunter on Feb 2, 2024.
             Slain by a ribbon worm (3 damage)
             ... on level 2 of the Dungeon.
             The game lasted 00:00:02 (777 turns).

qw the Shooter (Deep Elf Hunter)                     Turns: 777, Time: 00:00:03

Health: 0/16       AC:  3    Str:  8    XL:     2   Next: 65%
Magic:  4/4        EV: 12    Int: 13    God:
Gold:   65         SH:  0    Dex: 18    Spells: 1/1 levels left

rFire   . . .        a - +0 shortbow
rCold   . . .        (shield currently unavailable)
rNeg    . . .        c - +0 leather armour
rPois   .            (no helmet)
rElec   .            (no cloak)
rCorr   .            (no gloves)
SInv    .            (no boots)
Will    .....        (no amulet)
Stlth   ++           (no ring)
HPRegen 0.22/turn    (no ring)
MPRegen 0.09/turn

%: no passive effects
@: no status effects
A: no striking features
a: no special abilities


You were on level 2 of the Dungeon.
You visited 1 branch of the dungeon, and saw 2 of its levels.

You collected 65 gold pieces.


   Skills:
 - Level 1.5 Fighting
 + Level 6.4 Ranged Weapons
 - Level 2.4 Dodging
 - Level 1.2 Stealth


You had one spell level left.
You didn't know any spells.
Your spell library was empty.

Inventory:

Hand Weapons
 a - a +0 shortbow (weapon)
Armour
 c - a +0 leather armour (worn)
 f - a +0 ring mail
Jewellery
 e - a ring of protection from cold
Scrolls
 d - 2 scrolls of identify
Potions
 b - a potion of invisibility {unknown}

Dungeon Overview and Level Annotations

Branches:
Dungeon (2/15)

Altars:

Shops:
D:1 =

Annotations:
D:1 1 runed translucent door


Message History

There is an open door here.
Items here: %% ))).
Found a robe.
f - a +0 ring mail You now have 65 gold pieces (gained 11).
You open the door.
A kobold comes into view. It is wielding a +0 short sword.
Found a scroll of identify.
Found an escape hatch in the floor.
You shoot an arrow. The arrow completely misses the kobold.
The kobold shouts!
A ribbon worm comes into view.
You shoot an arrow. The arrow hits the ribbon worm.
The ribbon worm is lightly wounded.
You shoot an arrow. The arrow hits the ribbon worm!
The ribbon worm is severely wounded.
You shoot an arrow. The arrow hits the ribbon worm.
The ribbon worm is almost dead.
The ribbon worm bites you.
You shoot an arrow. The arrow hits the ribbon worm.
The ribbon worm is almost dead.
The ribbon worm expels a string of sticky webbing.
The stream of webbing hits you but does no damage.
You are caught in a web!
The web tears apart.
The ribbon worm barely misses you.
You shoot an arrow. The arrow hits the ribbon worm.
The ribbon worm is almost dead.
The ribbon worm bites you.
You shoot an arrow.
The arrow barely misses the ribbon worm.
The arrow barely misses the kobold.
The ribbon worm bites you.
You shoot an arrow. The arrow hits the ribbon worm.
The ribbon worm is almost dead.
The ribbon worm barely misses you.
You shoot an arrow.
The arrow barely misses the ribbon worm.
The arrow closely misses the kobold.
The ribbon worm bites you.
You die...

#.#.# ###.#..).....+
#.#.# ..#.####....##
..#.# #.#.####....#
### #.#........##
#.##....##.# ####
#.##.....#.# .....
####........#.#
#....?##...###.....#.#
.>...Kw@...# #.....#
#.....##...# ###.....#
#.... #...# #.......
#... #...# #....###
#.. ##+## ###+## #. #


You could see a ribbon worm and a kobold.

Vanquished Creatures
  A bat (D:1)
  4 endoplasms
  2 giant cockroaches (D:1)
  A hobgoblin (D:2)
  A quokka (D:1)
  4 goblins
  4 kobolds
  A rat (D:1)
18 creatures vanquished.

Notes
Turn   | Place    | Note
-------+----------+-------------------------------------------
     0 | D:1      | qw the Deep Elf Hunter began the quest for the Orb.
     0 | D:1      | Reached XP level 1. HP: 12/12 MP: 3/3
     0 | D:1      | 0 ||| qw: Version: 0.3-a-155-g5e7d8dd
     0 | D:1      | 0 ||| qw: Game counter: 391
     0 | D:1      | 0 ||| qw: Melee chars always use a shield: true
     0 | D:1      | 0 ||| qw: God list: Okawaru
     0 | D:1      | 0 ||| qw: Allow faded altars: false
     0 | D:1      | 0 ||| qw: Do Orc after clearing Dungeon:15 true
     0 | D:1      | 0 ||| qw: Do second Lair branch before Depths: true
     0 | D:1      | 0 ||| qw: Lair rune preference: random
     0 | D:1      | 0 ||| qw: Goals: Normal
     0 | D:1      | 0 ||| PLANNING D:1-11
     1 | D:1      | Found a runed translucent door.
     2 | D:1      | Noticed a jelly
    30 | D:1      | Found Ureamu's Jewellery Shop.
    37 | D:1      | 37 ||| SHOPLISTING +4 ring of protection (360 gold, have
                  | 7).
    37 | D:1      | 37 ||| SHOPLISTING +5 ring of evasion (360 gold, have 7).
    37 | D:1      | 37 ||| SHOPLISTING amulet of reflection (300 gold, have 7).
    37 | D:1      | 37 ||| SHOPLISTING ring of fire (250 gold, have 7).
    37 | D:1      | 37 ||| SHOPLISTING ring of poison resistance (200 gold,
                  | have 7).
    37 | D:1      | 37 ||| SHOPLISTING ring of resist corrosion (200 gold, have
                  | 7).
    37 | D:1      | 37 ||| SHOPLISTING ring of see invisible (150 gold, have
                  | 7).
   257 | D:1      | Reached skill level 6 in Ranged Weapons
   257 | D:1      | Reached XP level 2. HP: 16/16 MP: 4/4
   642 | D:1      | 642 ||| READING 2 scrolls labelled HELECE VIUWICS.
   643 | D:1      | 643 ||| DROPPING scroll of butterflies.
   775 | D:2      | HP: 3/16 [ribbon worm (6)]
   777 | D:2      | Slain by a ribbon worm

Levels and vault maps discovered:
D:1:      dpeg_arrival_caged_fury, layout_basic, serial_shops, shop
D:2:      layout_basic, ebering_ecumenical_altar_webs

Skill      XL: |  1 |
---------------+----+-----
Ranged Weapons | 6 |  6.4
Fighting       | |  1.5
Dodging        | |  2.4
Stealth        | |  1.2

Action                     || total
---------------------------++-------
   Fire: Shortbow          ||    51
    Use: Scroll            ||     1
 Armour: Leather armour    ||     8
  Dodge: Dodged            ||     4

Table legend:
 A = Non-vault XP
 B = Vault XP
 C = Vault XP percentage of total XP
 D = Non-vault monster count
 E = Vault monster count
 F = Vault count percentage of total count
                 A         B        C        D         E       F
            +---------+---------+-------+---------+---------+-------
      Total |      31 |       0 |   0.0 |      18 |       0 |   0.0
            +---------+---------+-------+---------+---------+-------
        D:1 |      20 |       0 |   0.0 |      12 |       0 |   0.0
        D:2 |      11 |       0 |   0.0 |       6 |       0 |   0.0
            +---------+---------+-------+---------+---------+-------
